 Dungeon Crawl Stone Soup version 0.21-a0-517-gd76cfe0 (webtiles) character file.

67 slep the Chopper (level 4, -2/35 HPs)
             Began as a Barachi Gladiator on Dec 4, 2017.
             Slain by a sky beast (6 damage)
             ... on level 2 of the Dungeon.
             The game lasted 00:03:00 (999 turns).

slep the Chopper (Barachi Gladiator)                 Turns: 999, Time: 00:03:01

Health: -2/35      AC:  5    Str: 17    XL:     4   Next: 18%
Magic:  4/4        EV: 13    Int:  8    God:
Gold:   18         SH:  0    Dex: 13    Spells: 3/3 levels left

rFire    . . .     SeeInvis .   a - +0 war axe
rCold    . . .     Gourm    .   (no shield)
rNeg     . . .     Faith    .   b - +0 leather armour
rPois    .         Spirit   .   c - +0 helmet
rElec    .         Reflect  .   (no cloak)
rCorr    .         Harm     .   (no gloves)
MR       .....                  l - +0 pair of boots
Stlth    +.........             (no amulet)
HPRegen  0.11/turn              (no ring)
MPRegen  0.09/turn              (no ring)

@: slow
A: +LOS, swims, slowness 1, strong legs 1
a: Hop


You were on level 2 of the Dungeon.
You were not hungry.

You visited 1 branch of the dungeon, and saw 2 of its levels.

You collected 18 gold pieces.

Inventory:

Hand Weapons
 a - a +0 war axe (weapon)
Missiles
 d - 3 throwing nets (quivered)
Armour
 b - a +0 leather armour (worn)
 c - a +0 helmet (worn)
 l - a +0 pair of boots (worn)
Scrolls
 e - a scroll of blinking {unknown}
 i - a scroll of enchant armour {unknown}
 j - 3 scrolls of teleportation {unknown}
 m - a scroll of remove curse {unknown}
 o - a scroll of amnesia {unknown}
Potions
 h - a potion of heal wounds {unknown}
 k - a potion of curing {unknown}
Comestibles
 f - a bread ration
 g - a royal jelly
 n - 4 chunks of flesh


   Skills:
 + Level 3.0 Fighting
 + Level 4.4 Axes
 + Level 2.0 Throwing
 + Level 1.1 Armour
 + Level 3.7 Dodging
 + Level 0.5 Stealth


You had 3 spell levels left.
You didn't know any spells.

Dungeon Overview and Level Annotations

Branches:
Dungeon (2/15)

Altars:


Innate Abilities, Weirdness & Mutations

Shadows flee at your approach. (+LOS)
You can swim through water.
You cover ground slowly.
You can hop short distances.


Message History

The sky beast is heavily wounded.
You hit the hobgoblin.
You kill the hobgoblin!
You slash the rat!
You kill the rat!
The sky beast hits you but does no damage.
You barely miss the sky beast.
The sky beast is heavily wounded.
The sky beast barely misses you. The sky beast hits you.
The sky beast shocks you.
You closely miss the sky beast.
The sky beast is heavily wounded.
The sky beast hits you. The sky beast shocks you.
* * * LOW HITPOINT WARNING * * *
You hit the sky beast.
The sky beast is heavily wounded.
The sky beast hits you.
* * * LOW HITPOINT WARNING * * *
The sky beast shocks you.
You die...

######### #.......#
.#.......#########
.......Y@'.......#
.#.....)†#######>##
.........# ###..#
.#.......# #....##
#.......#
#.....#####
##.....##
#.........# #......
#........(# #%.....
#.)..(...(# #......
#....#.####


You could see a sky beast.

Vanquished Creatures
  An orc priest (D:2)
  3 dart slugs (D:1)
  3 orcs (D:2)
  A goblin (D:2)
  7 hobgoblins
  A ball python (D:1)
  2 bats
  5 frilled lizards
  4 kobolds
  4 rats
31 creatures vanquished.

Notes
Turn   | Place    | Note
-------+----------+-------------------------------------------
     0 | D:1      | slep the Barachi Gladiator began the quest for the Orb.
     0 | D:1      | Reached XP level 1. HP: 17/17 MP: 1/1
   201 | D:1      | Reached XP level 2. HP: 20/23 MP: 2/2
   554 | D:1      | Reached XP level 3. HP: 19/28 MP: 3/3
   889 | D:2      | Reached skill level 4 in Axes
   889 | D:2      | Reached skill level 1 in Armour
   893 | D:2      | Reached XP level 4. HP: 25/35 MP: 4/4
   991 | D:2      | Noticed a sky beast
   999 | D:2      | Slain by a sky beast

Vault maps used:
D:1:      roderic_octagonal_star
D:2:      serial_glass, glass_columns_b, glass_columns_c

Skill      XL: |  1  2  3 |
---------------+----------+-----
Fighting       | 3 |  3.0
Axes           | 4 |  4.4
Armour         | 1 |  1.1
Throwing       | |  2.0
Dodging        | |  3.7
Stealth        | |  0.5

Action                   |  1- 3 |  4- 6 || total
-------------------------+-------+-------++-------
Melee: War axe           |    74 |    19 ||    93
 Stab: Sleeping          |     2 |       ||     2
  Eat: Chunk             |       |     1 ||     1
Armor: Leather armour    |    27 |     6 ||    33
Dodge: Dodged            |    59 |    17 ||    76

Table legend:
 A = Spawn XP
 B = Non-spawn XP
 C = Spawn XP percentage of total XP
 D = Spawn monster count
 E = Non-spawn monster count
 F = Spawn count percentage of total count
 G = Total turns spent on level
                    A         B        C        D         E        F      G
               +---------+---------+-------+---------+---------+-------+---------
         Total |       0 |      97 |   0.0 |       0 |      31 |   0.0 |   999
               +---------+---------+-------+---------+---------+-------+---------
           D:1 |       0 |      35 |   0.0 |       0 |      19 |   0.0 |   815
           D:2 |       0 |      62 |   0.0 |       0 |      12 |   0.0 |   184
               +---------+---------+-------+---------+---------+-------+---------
